 Dungeon Crawl Stone Soup version 0.18.1-2-ga659475 (webtiles) character file.

13111 manyhoops the Cleaver (level 11, -10/91 HPs)
             Began as a Demonspawn Gladiator on May 8, 2016.
             Mangled by a hill giant
             ... wielding a +0 giant club
              (19 damage)
             ... on level 11 of the Dungeon.
             The game lasted 00:36:09 (17064 turns).

manyhoops the Cleaver (Demonspawn Gladiator)       Turns: 17064, Time: 00:36:10

Health: -10/91     AC: 22    Str: 21    XL:     11   Next: 71%
Magic:  11/11      EV:  9    Int: 18    God:
Gold:   576        SH:  0    Dex: 13    Spells: 0 memorised, 10 levels left

rFire  . . .     SeeInvis .     i - +3 battleaxe
rCold  . . .     Gourm    +     u - +2 chain mail {MR+}
rNeg   . . .     Faith    .     (shield currently unavailable)
rPois  .         Spirit   .     c - +0 helmet
rElec  .         Dismiss  .     j - +2 cloak {MR+}
rCorr  .         Reflect  .     (no gloves)
SustAt .         Harm     .     l - +0 pair of boots {Fly}
MR     +++..                    Y - amulet of the gourmand
Stlth  ..........               S - +3 ring of strength
                                G - ring of Kytweutu {Wiz *Contam +Blink MR+ Int+7}

@: flying, drained, extremely resistant to hostile enchantments, extremely
unstealthy
A: claws 2, yellow scales 2, rot immunity
a: Evoke Blink, Stop Flying


You were on level 11 of the Dungeon.
You were very full.

You visited 3 branches of the dungeon, and saw 14 of its levels.
You also visited: Ossuary.

You collected 576 gold pieces.

Inventory:

Hand Weapons
 i - a +3 battleaxe (weapon)
 Z - a +3 trident of distortion
Missiles
 d - 3 throwing nets (quivered)
Armour
 c - a +0 helmet (worn)
 j - a +2 cloak of magic resistance (worn)
 l - a +0 pair of boots of flying (worn)
 u - a +2 chain mail of magic resistance (worn)
Jewellery
 n - an uncursed amulet of dismissal
 B - a +4 amulet of reflection
 G - the ring of Kytweutu (left claw) {Wiz *Contam +Blink MR+ Int+7}
   (You found it on level 2 of the Lair of Beasts)

   [ring of wizardry]

   It improves your spell success rate.
   It affects your intelligence (+7).
   It affects your resistance to hostile enchantments.
   It lets you blink.
   It causes magical contamination when unequipped.
 S - a +3 ring of strength (right claw)
 Y - an amulet of the gourmand (around neck)
Wands
 e - a wand of disintegration (13/24)
 o - a wand of lightning (0/15)
 t - a wand of lightning (9/15)
 I - a wand of flame (21/48)
 M - a wand of iceblast (3/15)
 O - a wand of paralysis (9/24)
Scrolls
 a - a scroll of recharging {unknown}
 b - 2 scrolls of fog
 h - a scroll of random uselessness
 p - 6 scrolls of teleportation
 q - a scroll of enchant weapon
 s - a scroll of enchant armour
 w - 7 scrolls of remove curse
 C - a scroll of brand weapon {unknown}
 J - a scroll of magic mapping
 N - a scroll of noise {unknown}
 R - a scroll of amnesia
 W - a scroll of torment {unknown}
Potions
 g - a potion of haste {unknown}
 k - a potion of curing
 m - a potion of brilliance
 r - a potion of invisibility
 v - a potion of lignification
 x - 3 potions of flight
 z - 2 potions of heal wounds {unknown}
 A - a potion of ambrosia {unknown}
 F - 2 potions of agility {unknown}
 H - 2 potions of cancellation {unknown}
 L - 2 potions of magic {unknown}
Miscellaneous
 Q - a fan of gales (inert)
Comestibles
 f - 9 bread rations
 D - 3 meat rations
 E - 9 royal jellies
 K - 6 beef jerkies


   Skills:
 + Level 10.2(9.4) Fighting
 + Level 11.6(10.8) Axes
 - Level 1.7(1.1) Throwing
 + Level 9.4(8.6) Armour
 - Level 2.6(2.0) Dodging


You had 10 spell levels left.
You didn't know any spells.

Dungeon Overview and Level Annotations

Branches:
Dungeon (11/15)            Temple (0/1) D:4            Lair (2/8) D:9
    Orc (1/2) D:10

Altars:
Ashenzari
Gozag
Kikubaaqudgha
Nemelex Xobeh
Qazlal
Ru
Sif Muna
Trog
Vehumet
Xom
Yredelemnul
Zin

Shops:
D:4 =

Annotations:
D:8 Heskey's ghost, novice MfGl


Innate Abilities, Weirdness & Mutations

You have very sharp fingernails.
You are mostly covered in yellow scales (AC +3).
You are immune to rotting.


Message History

The hill giant is moderately wounded.
The hill giant hits you but does no damage.
You slash the hill giant!
The hill giant is heavily wounded.
The hill giant hits you with a giant club!!
You barely miss the hill giant.
The hill giant is heavily wounded.
The hill giant hits you but does no damage.
You slash the hill giant!
The hill giant is severely wounded.
The hill giant hits you with a giant club!!
* * * LOW HITPOINT WARNING * * *
You barely miss the hill giant.
The hill giant is heavily wounded.
The hill giant hits you with a giant club!
* * * LOW HITPOINT WARNING * * *
You barely miss the hill giant.
The hill giant is heavily wounded.
The hill giant hits you with a giant club!!
You die...

*,,*,*,,*,* #.*##...#**** *,,,,,,
,,,*,*,,*,###..#.#..# *,,,,,,
,,,*,*,,*,*....#.#..#### *,,,,,,
,,,*,*,,*,,,#.......?..# **,****
*,,*,*,,*#####.#.#..(..# *,****
*,,,,,,,,..........>.[.# *,,,,,
**,*,,,,,,...?.#s#.....# ******
,,,*,*,***.##,,#C#.....# **,*,*,*
*,*,,,#@#C....#**** *,,,,,*
*,*,**#<#.......,,* *,*,*** *,*,*
###s......,,* *,*,* *,***
*.......,,****** **,*,* *,*
*###....,,*,,,,, ,,,*,*****,*
*,,,,,,*,**** ****,,,,,,,*
*,,,,,,*,*
****************************,****
,,,,,,,,,,,,,,,,,,,,,,,,,,,,,,,,,


You could see a hill giant and a scorpion.

Vanquished Creatures
  A hill giant (D:9)
  3 spiny frogs (Lair:2)
  A rime drake (Lair:1)
  2 komodo dragons
  A two-headed ogre (D:8)
  The ghost of oplop the Sneak, an amateur VSAs of Ru (D:5)
  17 yaks
  3 hippogriffs
  A hungry ghost (D:10)
  The ghost of ThereIsNoGod the Covert, an amateur OpAs (D:3)
  7 water moccasins
  A soldier ant (D:10)
  4 porcupines
  4 orc warriors
  A wasp (D:10)
  2 ice beasts
  A sky beast (D:9)
  A black bear (D:6)
  An eye of draining (D:9)
  A phantom (D:9)
  3 ogres
  3 crocodiles
  3 centaurs
  3 big kobolds
  4 elf zombies
  12 giant frogs
  A gnoll sergeant (D:10)
  3 elf skeletons (D:8)
  2 scorpions
  A wyvern skeleton (D:9)
  10 killer bees
  4 wights (D:10)
  A howler monkey (D:7)
  4 crimson imps
  3 quasits
  2 jellies
  4 hounds
  4 centaur skeletons
  3 human skeletons (D:8)
  2 human zombies
  A giant frog skeleton (D:8)
  8 orc priests
  6 orc wizards
  3 iguanas
  11 worker ants
  A statue (D:4)
  6 sheep (Lair:1)
  A big kobold zombie (Ossuary)
  A hound zombie (D:8)
  A hound skeleton (D:7)
  2 mummies (Ossuary)
  11 gnolls
  A worker ant zombie (D:5)
  12 adders
  3 river rats (D:9)
  2 shadow imps
  3 adder skeletons
  4 dart slugs
  9 worms
  25 orcs
  5 giant cockroaches
  3 goblins
  8 hobgoblins
  7 jackals
  22 kobolds
  6 quokkas
  11 bats
  2 giant gecko skeletons (D:5)
  3 giant newts
  A goblin zombie (Ossuary)
  14 hobgoblin zombies (Ossuary)
  2 jackal zombies (Ossuary)
  9 kobold zombies (Ossuary)
  2 orc skeletons (D:8)
  5 orc zombies
  11 rats
  2 rat zombies (Ossuary)
  3 fungi
353 creatures vanquished.

Vanquished Creatures (collateral kills)
  Nergalle (D:10)
1 creature vanquished.

Vanquished Creatures (others)
  11 fungi (D:9)
  11 plants (D:9)
22 creatures vanquished.

Grand Total: 376 creatures vanquished

Notes
Turn   | Place    | Note
--------------------------------------------------------------
     0 | D:1      | manyhoops the Demonspawn Gladiator began the quest for the Orb.
     0 | D:1      | Reached XP level 1. HP: 16/16 MP: 1/1
   205 | D:1      | Reached skill level 3 in Axes
   385 | D:1      | Gained mutation: You are partially covered in yellow scales (AC +2). [demonic ancestry]
   385 | D:1      | Reached XP level 2. HP: 22/22 MP: 2/2
   969 | D:2      | Gained mutation: You are immune to rotting. [demonic ancestry]
   969 | D:2      | Reached XP level 3. HP: 22/28 MP: 3/3
  1287 | D:2      | Reached skill level 4 in Axes
  1287 | D:2      | Reached skill level 1 in Armour
  1302 | D:2      | Reached XP level 4. HP: 22/34 MP: 4/4
  2358 | D:3      | Noticed ThereIsNoGod's ghost (amateur OpAs)
  2370 | D:3      | Killed ThereIsNoGod's ghost
  2370 | D:3      | Reached skill level 5 in Axes
  2370 | D:3      | Reached XP level 5. HP: 33/41 MP: 5/5
  2374 | D:3      | Found a glowing silver altar of Zin.
  2455 | D:3      | Reached XP level 6. HP: 47/47 MP: 6/6
  2731 | D:4      | Found a staircase to the Ecumenical Temple.
  3307 | D:4      | Found a radiant altar of Vehumet.
  3325 | D:4      | Found Roaqa's Jewellery Boutique.
  3546 | D:4      | Found a bloodstained altar of Trog.
  3851 | D:4      | Gained mutation: You have sharp fingernails. [demonic ancestry]
  3851 | D:4      | Reached XP level 7. HP: 48/53 MP: 7/7
  3915 | D:5      | Entered Level 5 of the Dungeon
  4249 | D:5      | Noticed oplop's ghost (amateur VSAs)
  4267 | D:5      | Killed oplop's ghost
  4267 | D:5      | Reached skill level 6 in Axes
  4402 | D:5      | Found an ancient bone altar of Kikubaaqudgha.
  4516 | D:5      | Reached XP level 8. HP: 44/61 MP: 8/8
  4561 | D:5      | Reached skill level 5 in Fighting
  4566 | D:5      | Found a shimmering altar of Xom.
  4582 | D:5      | Found a shimmering altar of Xom.
  4736 | D:5      | Found a sparkling altar of Nemelex Xobeh.
  4754 | D:5      | Found a shimmering altar of Xom.
  4955 | D:6      | Reached skill level 7 in Axes
  5384 | D:6      | Found a deep blue altar of Sif Muna.
  5385 | D:6      | Found a basalt altar of Yredelemnul.
  5486 | D:7      | Reached skill level 5 in Armour
  6062 | D:6      | Reached skill level 8 in Axes
  6062 | D:6      | Gained mutation: You are mostly covered in yellow scales (AC +3). [demonic ancestry]
  6062 | D:6      | Reached XP level 9. HP: 66/69 MP: 9/9
  6268 | D:7      | Found a stormy altar of Qazlal.
  6607 | D:8      | Found an opulent altar of Gozag.
  6746 | D:8      | Found a sand-covered staircase.
  6753 | Ossuary  | Entered an ossuary
  7047 | D:8      | Reached skill level 9 in Axes
  7316 | D:8      | Found a shattered altar of Ashenzari.
  7477 | D:8      | Noticed Heskey's ghost (novice MfGl)
  7774 | D:8      | Found a sacrificial altar of Ru.
  8042 | D:9      | Found a staircase to the Lair.
  8055 | D:9      | Reached XP level 10. HP: 44/80 MP: 10/10
  8195 | D:9      | Noticed a hill giant
  8595 | D:9      | HP: 4/80 [poisoned by a killer bee]
  8602 | D:9      | HP: 4/80 [poisoned by a killer bee]
  8610 | D:9      | HP: 4/80 [poisoned by a killer bee]
  9195 | D:9      | Reached skill level 10 in Axes
  9287 | D:9      | Killed a hill giant
  9388 | D:10     | Entered Level 10 of the Dungeon
  9407 | D:10     | Noticed Nergalle
 10739 | Lair:1   | Entered Level 1 of the Lair of Beasts
 12675 | Lair:2   | Noticed a spiny frog
 12690 | Lair:2   | Killed a spiny frog
 12690 | Lair:2   | Gained mutation: You have very sharp fingernails. [demonic ancestry]
 12690 | Lair:2   | Reached XP level 11. HP: 51/89 MP: 11/11
 13352 | Lair:2   | HP: 5/133 [yak (7)]
 14199 | Lair:2   | Reached skill level 11 in Axes
 14786 | Lair:2   | Got a brightly glowing bone ring
 15361 | D:9      | Identified the ring of Kytweutu {Wiz *Contam +Blink MR+ Int+7} (You found it on level 2 of the Lair of Beasts)
 16308 | D:10     | Found a staircase to the Orcish Mines.
 16367 | D:10     | Killed Nergalle
 16367 | D:10     | Reached skill level 10 in Fighting
 17027 | Orc:1    | Entered Level 1 of the Orcish Mines
 17027 | Orc:1    | Noticed an orc sorcerer
 17051 | D:11     | Noticed a hill giant
 17064 | D:11     | Mangled by a hill giant

Skill      XL: |  1  2  3  4  5  6  7  8  9 10 11 |
---------------+----------------------------------+-----
Axes           | 3 4 5 6 8 9 10 11 | 11.6
Armour         | 1 2 3 4 5 6 8 9 |  9.4
Fighting       | 3 4 6 7 9 10 | 10.2
Throwing       | |  1.7
Dodging        | |  2.6

Action                   |  1- 3 |  4- 6 |  7- 9 | 10-12 || total
-------------------------+-------+-------+-------+-------++-------
Melee: War axe           |    90 |   234 |   732 |   627 ||  1683
       Battleaxe         |       |       |       |    90 ||    90
Evoke: Wand              |       |       |     3 |     2 ||     5
       Fan of gales      |       |       |       |     2 ||     2
  Use: Scroll            |     6 |     3 |     2 |    19 ||    30
       Potion            |       |       |     1 |     7 ||     8
 Stab: Sleeping          |     1 |       |       |       ||     1
       Distracted        |       |       |       |     2 ||     2
  Eat: Chunk             |     1 |     3 |    10 |    41 ||    55
       Meat ration       |       |     1 |     1 |     1 ||     3
       Pizza             |       |       |     1 |       ||     1
       Bread ration      |       |       |       |     1 ||     1
Armor: Leather armour    |     5 |       |       |       ||     5
       Chain mail        |    66 |    61 |   467 |   440 ||  1034
       Plate armour      |       |    90 |       |       ||    90
       Skin              |       |       |       |    36 ||    36
Dodge: Dodged            |    47 |    88 |   258 |   294 ||   687
Block: Other             |       |     5 |   151 |    55 ||   211
       Reflection        |       |       |     1 |     1 ||     2
